Unix NetHack Version 5.0.0-0 post-release - last build May 23 2026 06:08:33 (1c0ff79ee797540d5714e4e18072db0edd9e58ae,branch:main).

Game began 2026-05-27 18:55:22, ended 2026-05-27 19:11:28.

GdeVolpiano, neutral female human Tourist

                                                                .........
                                                           ......(.GG....
                                                           .<.[..--G@....
                                                           ..--.-----....
                                                              |.).| |...-
                                                               --.--|..--
                                                               |...|----
                                                               |...|
                                                               --..|
                                                                ----

GdeVolpiano the Sightseer   St:13 Dx:11 Co:13 In:16 Wi:9 Ch:13  Neutral
Dlvl:4  $:20 HP:0(32) Pw:25(25) AC:8  Xp:5 T:953  Stressed

Latest messages:
 You are hit by a dagger.
 You have no ammunition readied.
 What do you want to fire? [$atw or ?*]
 You ready: y - 2 black gems.
 In what direction?
 What do you want to ready? [- $atw or ?*]
 a - 15 +2 darts (at the ready).
 In what direction?
 The dart hits the dwarf.
 The dwarf hits!
 In what direction?
 You kill the dwarf!
 Welcome to experience level 5.
 a - a +2 dart (at the ready) (14 in total).
 You see here a pair of hard shoes.
 You hear crashing rock.
 In what direction?
 The dart hits the gnome!
 In what direction?
 You kill the gnome!
 a - 2 +2 darts (at the ready) (14 in total).
 z - a violet gem.
 A - 2 white gems.
 You see here a whistle.
 B - a whistle.
 What do you want to use or apply? [jkB or ?*]
 You produce a high whistling sound.
 #
 What do you want to call? [np-ruvx-zAB or ?*]
 What do you want to drop? [$a-lnp-zAB or ?*]
 You drop a whistle called tin.
 You are hit by a thonged club.
 The thonged club returns to its hand!
 It is hit.
 You kill the gnome!
 You are hit by a dagger.
 You are hit by a crossbow bolt.
 A crossbow bolt misses you.
 You are hit by a crossbow bolt!
 The gnome hits!
 You learn more about your items by comparing them.
 d - an uncursed tripe ration (6 in total).
 You have trouble lifting a gnome corpse.  Continue? [ynq] (q)
 You have trouble lifting C - a gnome corpse.
 You rebalance your load.  Movement is difficult.
 The gnome hits!
 The gnome hits!
 The gnome hits!
 You die...
 Do you want your possessions identified? [ynq] (y)

Inventory:
 Coins    ('$')
  $ - 20 gold pieces
 Weapons  (')')
  a - 14 +2 darts (at the ready)
  t - 7 +0 darts
  w - a poisoned +0 dart
 Armor    ('[')
  n - an uncursed +0 elven leather helm (being worn)
  q - an uncursed +0 pair of iron shoes (being worn)
  r - a cursed -1 dwarvish cloak (being worn)
  i - an uncursed +0 Hawaiian shirt with a water nymph motif
  s - an uncursed +0 studded leather armor
 Comestibles  ('%')
  f - an uncursed fig
  b - 5 uncursed food rations
  d - 6 uncursed tripe rations
  e - an uncursed tin of spinach
  c - an uncursed egg
  C - an uncursed gnome corpse
  l - 2 uncursed lichen corpses
 Scrolls  ('?')
  h - 4 uncursed scrolls of magic mapping
 Potions  ('!')
  g - an uncursed potion of extra healing
  p - an uncursed potion of restore ability
 Tools    ('(')
  k - an uncursed credit card
  j - an expensive camera (0:57)
 Gems/Stones  ('*')
  y - 2 uncursed worthless pieces of black glass
  u - a cursed worthless piece of green glass
  x - an uncursed worthless piece of red glass
  z - an uncursed worthless piece of violet glass
  v - a cursed worthless piece of violet glass
  A - 2 uncursed worthless pieces of white glass

GdeVolpiano the Tourist's attributes:

Background:
 You were a Sightseer, a level 5 female human Tourist.
 You were neutral, on a mission for The Lady
 who was opposed by Blind Io (lawful) and Offler (chaotic).
 You were right-handed.
 You were in the Gnomish Mines, on level 4.
 You entered the dungeon 953 turns ago.
 You had 178 experience points, 142 more were needed to attain level 6.

Basics:
 You had 0 out of 32 hit points.
 You had all 25 energy points (spell power).
 Your armor class was 8.
 Your wallet contained 20 zorkmids.
 Autopickup was on for '$?!/="+' plus thrown, with exceptions.

Final Characteristics:
 Your strength was 13 (limit:18/100).
 Your dexterity was 11 (limit:18).
 Your constitution was 13 (limit:18).
 Your intelligence was 16 (limit:18).
 Your wisdom was 9 (limit:18).
 Your charisma was 13 (limit:18).

Final Status:
 You weren't hungry.
 You were stressed; movement was moderately slowed.
 You were bare handed.
 You were unskilled in bare handed combat.

Final Attributes:
 You were devoutly aligned.
 Your items were somewhat protected from fire.
 Your items were somewhat protected from cold.
 You would have confused monsters when hitting them.
 You were warded.
 You are dead.

Miscellaneous:
 You didn't encounter any bones levels.
 Total elapsed playing time was 15 minutes and 23 seconds.

Major events:
 Turn
    1: GdeVolpiano the neutral female human Tourist entered the dungeon
  443: attained the rank of Sightseer (level 3)
  544: entered the Gnomish Mines
  953: killed by a gnome

You didn't know any spells.

Skills:
 Fighting Skills
   bare handed combat [Unskilled]
   two weapon combat  [Unskilled]
   riding             [Unskilled]
 Weapon Skills
   dagger             [Unskilled]
   knife              [Unskilled]
   axe                [Unskilled]
   pick-axe           [Unskilled]
   short sword        [Unskilled]
   broadsword         [Unskilled]
   long sword         [Unskilled]
   two-handed sword   [Unskilled]
   saber              [Unskilled]
   mace               [Unskilled]
   morning star       [Unskilled]
   flail              [Unskilled]
   hammer             [Unskilled]
   quarterstaff       [Unskilled]
   polearms           [Unskilled]
   spear              [Unskilled]
   trident            [Unskilled]
   lance              [Unskilled]
   bow                [Unskilled]
   sling              [Unskilled]
   crossbow           [Unskilled]
   dart               [Basic]
   shuriken           [Unskilled]
   boomerang          [Unskilled]
   whip               [Unskilled]
   unicorn horn       [Unskilled]
 Spellcasting Skills
   divination spells  [Unskilled]
   enchantment spells [Unskilled]
   escape spells      [Unskilled]

Voluntary challenges:
 Character rerolling was not enabled.
 You never hit with a wielded weapon.
 You never genocided any monsters.
 You never polymorphed an object.
 You never changed form.
 You used no wishes.
Achievements:
 You attained the rank of Sightseer.
 You entered the Gnomish Mines.

 The Dungeons of Doom: levels 1 to 3
    Level 1:
       Some fountains.
    Level 2:
       Stairs down to The Gnomish Mines.
    Level 3:
       A fountain.
 The Gnomish Mines: levels 3 to 4
    Level 3:
    Level 4: <- You were here.
       Final resting place for
          you, killed by a gnome.


Vanquished creatures:
  a bugbear
  2 gnome leaders
  a little dog
  2 dwarves
  a homunculus
 an acid blob
  a brown mold
  7 gnomes
  a jackal
  2 foxes
  a kobold
  a goblin
  3 grid bugs
  7 lichens
  3 newts
34 creatures vanquished.

No species were genocided or became extinct.

Game over:
                       ----------
                      /          \
                     /    REST    \
                    /      IN      \
                   /     PEACE      \
                  /                  \
                  |   GdeVolpiano    |
                  |      20 Au       |
                  |   killed by a    |
                  |      gnome       |
                  |                  |
                  |                  |
                  |       2026       |
                 *|     *  *  *      | *
        _________)/\\_//(\/(/\)/\//\/|_)_______

Aloha GdeVolpiano the Tourist...

You died in The Gnomish Mines on dungeon level 4 with 862 points,
and 20 pieces of gold, after 953 moves.
You were level 5 with a maximum of 32 hit points when you died.

